AoeStats
← francoishurdebise

Arena

510169948Analyzed
1v1 RM · 3d ago on Sep 29, 2026· 46m 55s· 2 players
Game mode
Random Map
Map size
Tiny (2 player)
Population
200
Speed
Normal
Resources
Standard
Victory
Conquest
Starting age
Dark Age
Ending age
Imperial Age
RankedLock teamsTeams togetherTeam positionsShared explorationLock speedFull tech treeHidden civsTurbo modeCheats
Victory
Defeat
🇩🇪 Vietnamese · Germany
594
+17
🇧🇪 Franks · Belgium
622
-36
ItsBridge7680
11:15 Feudal Age
9:31 Loom
12:05 Double-Bit Axe
12:06 Horse Collar
15:51 Scale Mail Armor
18:37 Castle Age
17:13 Wheelbarrow
18:05 Forging
20:10 Chain Mail Armor
20:41 Gold Mining
20:42 Stone Mining
21:28 Heavy Plow
22:36 Pikeman
25:00 Hand Cart
26:03 Stone Shaft Mining
25:57 Padded Archer Armor
30:15 Imperial Age
28:22 Padded Archer Armor
28:14 Fletching
28:46 Ballistics
28:11 Crossbowman
30:06 Thumb Ring
31:25 Squires
32:26 Paper Money
32:27 Leather Archer Armor
33:43 Halberdier
33:53 Arbalester
34:34 Bodkin Arrow
35:41 Crop Rotation
35:54 Ring Archer Armor
36:10 Bow Saw
36:17 Bracer
39:02 Plate Mail Armor
39:08 Iron Casting
39:41 Chemistry
39:49 Two-Man Saw
39:40 Elite Skirmisher
41:33 Scale Barding Armor
41:59 Chatras
francoishurdebise
15:27 Feudal Age
16:53 Wheelbarrow
16:18 Double-Bit Axe
18:10 Stone Mining
18:56 Gold Mining
22:13 Town Watch
26:03 Castle Age
25:08 Forging
25:01 Scale Mail Armor
25:32 Scale Barding Armor
27:29 Hand Cart
27:27 Bow Saw
27:56 Gold Shaft Mining
28:41 Husbandry
32:37 Iron Casting
32:18 Chain Mail Armor
32:24 Chain Barding Armor
41:32 Imperial Age
41:36 Town Watch
41:37 Loom
42:21 Cavalier
45:23 Blast Furnace
Connection lost

Rejoining the realm…

Still unreachable

The connection could not be restored.

Session expired

The server has moved on; the page needs a fresh start.